 Dungeon Crawl Stone Soup version 0.30-a0-358-g0d69a1922f (webtiles) character file.

Game seed: 7571983815716356257

44 Tef the Shield-Bearer (level 3, -19/30 HPs)
             Began as a Formicid Fighter on Nov 10, 2022.
             Demolished by an ogre
             ... wielding a +0 giant spiked club
              (32 damage)
             ... on level 1 of the Dungeon.
             The game lasted 00:03:18 (1123 turns).

Tef the Shield-Bearer (Formicid Fighter)            Turns: 1123, Time: 00:03:18

Health: -19/30     AC:  7    Str: 22    XL:     3   Next: 85%
Magic:  3/3        EV:  9    Int:  7    God:
Gold:   113        SH:  5    Dex: 13    Spells: 2/2 levels left

rFire   . . .      SeeInvis +    a - +0 war axe
rCold   . . .      Faith    .    c - +0 buckler
rNeg    . . .      Spirit   .    b - +0 scale mail
rPois   .          Reflect  .    (helmet unavailable)
rElec   .          Harm     .    (no cloak)
rCorr   .          Rampage  .    (no gloves)
Will    .....                    (no boots)
Stlth   ..........               (no amulet)
HPRegen 0.25/turn                (no ring)
MPRegen 0.08/turn                (no ring)

@: no status effects
A: permanent stasis, dig shafts and tunnels, antennae 3, four strong arms
a: Dig, Shaft Self


You were on level 1 of the Dungeon.
You visited 1 branch of the dungeon, and saw 2 of its levels.

You collected 113 gold pieces.

Inventory:

Hand Weapons
 a - a +0 war axe (weapon)
Armour
 b - a +0 scale mail (worn)
 c - a +0 buckler (worn)
Scrolls
 e - 2 scrolls of immolation {unknown}
 g - a scroll of enchant armour {unknown}
 i - a scroll of brand weapon {unknown}
 j - a scroll of amnesia {unknown}
 k - a scroll of vulnerability {unknown}
 n - 3 scrolls of enchant weapon {unknown}
 o - a scroll of poison {unknown}
Potions
 d - a potion of might
 f - 2 potions of magic {unknown}
 h - a potion of heal wounds {unknown}
 l - a potion of flight {unknown}
 m - a potion of cancellation {unknown}
 p - a potion of curing {unknown}


   Skills:
 + Level 3.7 Fighting
 + Level 2.6 Axes
 + Level 3.7 Armour
 + Level 0.1 Dodging
 + Level 4.5 Shields


You had 2 spell levels left.
You didn't know any spells.
Your spell library was empty.

Dungeon Overview and Level Annotations

Branches:
Dungeon (2/15)

Altars:


Innate Abilities, Weirdness & Mutations

You cannot be hasted, slowed, berserked, paralysed or teleported.
You can dig through walls and to a lower floor.
You have a pair of large antennae on your head. (SInv)
Your four strong arms can wield two-handed weapons with a shield.


Message History

p - a grey potion You now have 102 gold pieces (gained 3).
You now have 113 gold pieces (gained 11).
A ball python is nearby!
The ball python hisses angrily.
You barely miss the ball python.
The ogre shouts!
The ball python barely misses you. x3; The ball python grabs you.
The ball python constricts you.
You escape the ball python's grasp.
The ball python attacks as you move away!
You block the ball python's attack. The ball python barely misses you.
There is an escape hatch in the ceiling here.
You block the ball python's attack. The ball python grabs you.
You stop ascending the stairs.
The ball python constricts you.
Unknown command.
You escape the ball python's grasp.
The ogre hits you with a +0 giant spiked club!!
Ouch! That really hurt!
You block the ball python's attack. The ball python grabs you.
You stop ascending the stairs.
The ball python constricts you.
Okay, then.
You escape the ball python's grasp.
The ball python attacks as you move away!
The ball python barely misses you.
There is a stone staircase leading up, spattered with blood here.
The ball python bites you but does no damage.
The ball python completely misses you. The ogre barely misses you.
You climb upwards.
There is a stone staircase leading down here.
The ball python bites you but does no damage.
The ball python grabs you. The ball python constricts you.
The ball python bites you but does no damage.
The ball python constricts you.
Things that are here:
a worm corpse; a jackal corpse You escape the ball python's grasp.
The ogre attacks as you move away!
The ogre hits you with a +0 giant spiked club!!
Ouch! That really hurt!
You die...

...#.#......................#
####.######################.#
.........# #.##### ####.###.#
#.....# #.# #.#
################.###.# #.# #.#
#..................... #.# #.#
#..........##.#.#.#.#.
###.###.###....S.....#..........
##..............@O(.).#.#†#.#.#.#
#.........##..........#..........
..........#######+###......#...##
.#........#######.# #......#.###
##..............#.# #......+.#
.....#..........#.# #......###
######..........#'###......#
############.......##.######
.....# #..........##.#


You could see an ogre and a ball python.

Vanquished Creatures
  3 worms (D:1)
  4 endoplasms
  A giant cockroach (D:1)
  2 goblins
  2 hobgoblins
  4 jackals (D:1)
  3 ball pythons
  3 bats
  3 frilled lizards
  4 kobolds (D:1)
  6 rats
35 creatures vanquished.

Notes
Turn   | Place    | Note
-------+----------+-------------------------------------------
     0 | D:1      | Tef the Formicid Fighter began the quest for the Orb.
     0 | D:1      | Reached XP level 1. HP: 18/18 MP: 1/1
   205 | D:1      | Reached XP level 2. HP: 19/24 MP: 2/2
   890 | D:2      | Noticed an ogre
   906 | D:1      | Reached XP level 3. HP: 29/29 MP: 3/3
  1123 | D:1      | Demolished by an ogre

Illustrated notes

Levels and vault maps discovered:
D:1:      dpeg_arrival_shrine, layout_basic, minmay_misc_feat_pillars
D:2:      layout_rooms

Action                   || total
-------------------------++-------
Melee: War axe           ||    81
Armor: Scale mail        ||    51
Dodge: Dodged            ||    49
Block: Buckler           ||    29

Table legend: (Time is in decaauts)
 A = Elapsed time spent in this place.
 B = Non-inter-level travel time spent in this place.
 C = Inter-level travel time spent in this place.
 D = Time resting spent in this place.
 E = Time spent auto-exploring this place.
 F = Levels seen in this place.
 G = Mean time per level.
                   A        B        C        D        E       F      G
               +--------+--------+--------+--------+--------+-----+--------+
         Total |   1161 |   1075 |     86 |     43 |    765 |   2 |  580.5 |
       Dungeon |   1161 |   1075 |     86 |     43 |    765 |   2 |  580.5 |
               +--------+--------+--------+--------+--------+-----+--------+

Top non-repeatable levels by time:
     D:1: 980 daAuts
     D:2: 181 daAuts
